 Dungeon Crawl Stone Soup version 0.29-a0-270-g1586fc07ea (webtiles) character file.

Game seed: 1156023555740481968

126 bearlyready the Bolt Thrower (level 5, 0/29 HPs)
             Began as a Kobold Arcane Marksman on Mar 7, 2022.
             Slain by a phantom (3 damage)
             ... on level 4 of the Dungeon.
             The game lasted 00:03:55 (2454 turns).

bearlyready the Bolt Thrower (KoAM)                 Turns: 2454, Time: 00:03:56

Health: 0/29       AC:  2    Str:  7    XL:     5   Next: 31%
Magic:  6/6        EV: 19    Int: 14    God:
Gold:   174        SH:  0    Dex: 18    Spells: 5/6 levels left

rFire   . . .      SeeInvis .   a - +0 hand crossbow
rCold   . . .      Faith    .   (no shield)
rNeg    + . .      Spirit   .   b - +0 robe
rPois   .          Reflect  .   (no helmet)
rElec   .          Harm     .   (no cloak)
rCorr   .          Rampage  .   (no gloves)
Will    .....                   (no boots)
Stlth   +++.......              (no amulet)
HPRegen 0.09/turn               e - ring of positive energy
MPRegen 0.10/turn               n - +4 ring of evasion

@: no status effects
A: small, no large weapons, nightstalker 3
a: no special abilities


You were on level 4 of the Dungeon.
You visited 1 branch of the dungeon, and saw 4 of its levels.

You collected 174 gold pieces.

Inventory:

Hand Weapons
 a - a +0 hand crossbow (weapon)
Missiles
 i - 13 poisoned darts
 j - 159 stones
Armour
 b - a +0 robe (worn)
Jewellery
 e - a ring of positive energy (left hand)
 k - a ring of magical power
 n - a +4 ring of evasion (right hand)
Scrolls
 c - a scroll of vulnerability
 d - 3 scrolls of teleportation {unknown}
 f - a scroll of fog {unknown}
 g - 6 scrolls of identify {unknown}
 m - a scroll of amnesia {unknown}
 o - a scroll of noise {unknown}
Potions
 h - a potion of attraction {unknown}
 l - a potion of curing {unknown}


   Skills:
 - Level 1.1 Fighting
 + Level 6.8 Crossbows
 - Level 2.4 Dodging
 - Level 1.1 Spellcasting
 - Level 3.0 Hexes


You had 5 spell levels left.
You knew the following spells:

 Your Spells              Type           Power      Damage    Failure   Level
a - Slow                  Hex            36%        N/A       8%          1

Your spell library contained the following spells:

 Spells                   Type           Power      Damage    Failure   Level
 Blink                    Tloc           0%         N/A       36%         2
 Inner Flame              Hex/Fire       4%         N/A       38%         3
 Portal Projectile        Hex/Tloc       8%         N/A       38%         3
 Cause Fear               Hex            4%         N/A       58%         4
 Manifold Assault         Tloc           0%         N/A       100%        5
 Storm Form               Tmut/Air       0%         N/A       100%        7


Dungeon Overview and Level Annotations

Branches:
Dungeon (4/15)
 Temple: D:4-7

Altars:

Shops:
D:3 (


Innate Abilities, Weirdness & Mutations

You are small and have problems with some larger weapons.
You are completely attuned to the shadows.


Message History

The phantom is lightly damaged.
You shoot a bolt. The bolt barely misses the phantom.
You shoot a bolt. The bolt misses the phantom.
You shoot a bolt. The bolt hits the phantom.
The phantom is moderately damaged.
The phantom closely misses you. x2
You shoot a bolt. The bolt hits the phantom!
The phantom is heavily damaged.
The phantom hits you!
The phantom blinks!
You blink.
You shoot a bolt. The bolt hits the phantom.
The phantom is heavily damaged.
The phantom hits you.
You are too injured to fight recklessly!
Shoot: a) +0 hand crossbow
Press: ? - help, Q - select action, (/) - cycle Shift-Dir - straight line, f/p - phantom
Aim: a phantom (heavily damaged, 56% to hit)
You shoot a bolt. The bolt hits the phantom.
The phantom is heavily damaged.
The phantom hits you!
* * * LOW HITPOINT WARNING * * *
Shoot: a) +0 hand crossbow
Press: ? - help, Q - select action, (/) - cycle Shift-Dir - straight line, f/p - phantom
Aim: a phantom (heavily damaged, 56% to hit)
You shoot a bolt. The bolt closely misses the phantom.
The phantom barely misses you.
Shoot: a) +0 hand crossbow
Press: ? - help, Q - select action, (/) - cycle Shift-Dir - straight line, f/p - phantom
Aim: a phantom (heavily damaged, 56% to hit)
You shoot a bolt. The bolt barely misses the phantom.
The phantom completely misses you.
You aren't carrying any items that you can evoke.
Shoot: a) +0 hand crossbow
Press: ? - help, Q - select action, (/) - cycle Shift-Dir - straight line, f/p - phantom
Aim: a phantom (heavily damaged, 56% to hit)
You shoot a bolt. The bolt hits the phantom.
The phantom is heavily damaged.
The phantom hits you.
* * * LOW HITPOINT WARNING * * *
The phantom hits you.
You die...

.........
#.......... .
#.<.... .### #.
##.........#
#..#........#.#
............#.#
####........#.#
##.####....##
#@# #.W...# #W#
##<..... #.#
#...... #.#
#...... #.#
#...... #.....


You could see a phantom.

Vanquished Creatures
  A scorpion (D:3)
  4 dart slugs
  A worm (D:2)
  An orc (D:3)
  5 endoplasms
  5 hobgoblins
  4 jackals (D:1)
  2 quokkas (D:2)
  6 ball pythons
  3 bats
  3 frilled lizards
  4 goblins
  6 kobolds
  9 rats
54 creatures vanquished.

Notes
Turn   | Place    | Note
-------+----------+-------------------------------------------
     0 | D:1      | bearlyready the Kobold Arcane Marksman began the quest for
                  | the Orb.
     0 | D:1      | Reached XP level 1. HP: 12/12 MP: 2/2
    65 | D:1      | Reached skill level 3 in Crossbows
    89 | D:1      | Reached XP level 2. HP: 13/16 MP: 3/3
   232 | D:1      | Reached skill level 4 in Crossbows
   308 | D:1      | Reached XP level 3. HP: 20/20 MP: 4/4
   869 | D:2      | Reached skill level 5 in Crossbows
  1085 | D:2      | Reached XP level 4. HP: 25/25 MP: 5/5
  1778 | D:3      | Found Kiac's Weapon Emporium.
  1842 | D:3      | Found a faded altar of an unknown god.
  2374 | D:4      | Noticed a scorpion
  2376 | D:4      | Noticed a kobold brigand
  2383 | D:3      | Killed a scorpion
  2384 | D:3      | Reached skill level 6 in Crossbows
  2384 | D:3      | Reached XP level 5. HP: 29/29 MP: 6/6
  2418 | D:4      | Noticed a phantom
  2454 | D:4      | Slain by a phantom

Illustrated notes

Levels and vault maps discovered:
D:1:      dpeg_arrival_more_subterranean_lakeside_camping, layout_basic
D:2:      layout_basic
D:3:      layout_loops_ring, shapermc_ecumenical_altar_gd, serial_shops, shop
D:4:      layout_rooms, minmay_hollow_rounded_squares, uniq_menkaure,
          uniq_blork_the_orc

Skill      XL: |  1  2  3  4 |
---------------+-------------+-----
Crossbows      | 3 4 5 6 |  6.8
Fighting       | |  1.1
Dodging        | |  2.4
Spellcasting   | |  1.1
Hexes          | |  3.0

Action                   |  1- 3 |  4- 6 || total
-------------------------+-------+-------++-------
 Fire: Hand crossbow     |    80 |    42 ||   122
 Cast: Slow              |     1 |       ||     1
Armor: Robe              |     5 |     1 ||     6
Dodge: Dodged            |    24 |    12 ||    36

Table legend: (Time is in decaauts)
 A = Elapsed time spent in this place.
 B = Non-inter-level travel time spent in this place.
 C = Inter-level travel time spent in this place.
 D = Time resting spent in this place.
 E = Time spent auto-exploring this place.
 F = Levels seen in this place.
 G = Mean time per level.
                   A        B        C        D        E       F      G
               +--------+--------+--------+--------+--------+-----+--------+
         Total |   2486 |   2396 |     90 |      0 |   2095 |   4 |  621.5 |
       Dungeon |   2486 |   2396 |     90 |      0 |   2095 |   4 |  621.5 |
               +--------+--------+--------+--------+--------+-----+--------+

Top non-repeatable levels by time:
     D:2: 1032 daAuts
     D:3: 735 daAuts
     D:1: 683 daAuts
     D:4: 34 daAuts
